Map: Hard Lead LE

Players

Dark

  • Race: Zerg Zerg
  • Spawn Location: 11:00

LiquidClem (Clem) - Winner!

  • Race: Terran Terran
  • League: Grandmaster
  • Spawn Location: 5:00

VOD

Have the link to the VOD?

Description

Time

  • Played on: Oct. 30, 2023, 10:44 p.m.
  • Length: 11:24
Show
View Real Time Build Order
Export as new Build Order

Dark Zerg 

Build Orders: Hatch First 

Get SALT Encoding   

  12  0:00  Drone  
  13  0:12  Overlord  
  13  0:17  Drone  
  14  0:31  Drone x2  
  16  0:48  Hatchery  
  15  0:52  Drone  
  15  0:55  Drone  
  17  0:57  Drone  
  17  1:01  Extractor  
  17  1:14  Spawning Pool  
  17  1:16  Drone  
  17  1:20  Drone  
  18  1:28  Drone  
  19  1:40  Drone  
  20  1:50  Drone  
  21  2:00  Queen x2  
  25  2:01  Metabolic Boost  
  25  2:02  Zergling x2  
  25  2:04  Zergling x2  
  27  2:11  Zergling x2  
  27  2:12  Overlord  
  27  2:31  Hatchery  
  27  2:33  Drone  
  27  2:35  Drone  
  28  2:37  Drone  
  28  2:41  Drone  
  30  2:48  Queen  
  32  2:53  Overlord  
  32  2:55  Drone  
  33  2:59  Drone  
  33  3:00  Drone  
  35  3:06  Drone  
  36  3:13  Drone x4  
  36  3:17  Drone  
  41  3:24  Drone  
  41  3:26  Drone  
  42  3:32  Queen  
  43  3:35  Overlord  
  43  3:43  Queen x2  
  43  3:45  Drone  
  43  3:46  Drone x2  
  50  3:49  Overlord  
  50  3:50  Overlord  
  50  3:55  Zergling x4  
  52  3:56  Zergling x2  
  52  4:01  Drone  
  52  4:02  Drone  
  55  4:04  Zergling x4  
  55  4:06  Drone  
  58  4:10  Queen  
  58  4:14  Drone  
  58  4:15  Drone  
  62  4:19  Queen  
  62  4:22  Queen  
  66  4:24  Zergling x8  
  66  4:28  Drone  
  71  4:32  Drone x2  
  71  4:34  Zergling x2  
  71  4:37  Overlord  
  71  4:38  Overlord  
  74  4:43  Overlord  
  74  4:46  Overlord  
  74  4:49  Overlord  
  74  4:56  Zergling x12  
  74  4:58  Spore Crawler x2  
  74  4:59  Spore Crawler  
  77  5:03  Evolution Chamber x2  
  77  5:04  Drone x3  
  77  5:06  Drone  
  78  5:08  Drone  
  78  5:09  Drone  
  80  5:14  Drone x3  
  80  5:18  Drone x2  
  80  5:20  Drone  
  86  5:24  Drone x2  
  86  5:27  Drone  
  89  5:29  Zerg Melee Weapons Level 1, Zerg Ground Armor Level 1  
  89  5:30  Drone x2  
  89  5:32  Drone  
  89  5:34  Drone x2  
  89  5:35  Drone  
  95  5:38  Drone x3  
  98  5:46  Hatchery  
  97  5:51  Drone x4  
  97  5:52  Extractor  
  97  5:53  Extractor  
  99  6:00  Zergling x6  
  102  6:08  Drone  
  101  6:13  Drone x8  
  101  6:17  Lair  
  105  6:20  Hatchery  
  105  6:21  Zergling x2  
  105  6:25  Extractor  
  104  6:26  Extractor  
  104  6:31  Baneling Nest  
  102  6:35  Hatchery  
  102  6:36  Zergling x10  
  106  6:42  Overlord  
  106  6:44  Zergling x2, Burrow  
  106  6:47  Zergling x6  
  109  6:52  Hatchery  
  109  6:53  Zergling x2  
  110  6:59  Zergling x4  
  110  7:00  Spore Crawler  
  111  7:02  Zergling x8  
  111  7:05  Zergling x4  
  111  7:08  Zergling x6  
  120  7:11  Zergling x4  
  121  7:18  Infestation Pit  
  121  7:19  Zergling x10  
  121  7:20  Centrifugal Hooks  
  121  7:21  Overseer  
  121  7:22  Pneumatized Carapace  
  125  7:23  Baneling x5  
  125  7:26  Drone x3  
  128  7:32  Overlord  
  128  7:33  Drone x4  
  128  7:34  Drone  
  128  7:36  Drone  
  134  7:38  Drone  
  134  7:43  Zerg Melee Weapons Level 2  
  133  7:45  Drone, Overlord  
  133  7:46  Overlord  
  133  7:47  Overlord x2  
  133  7:49  Spore Crawler  
  133  7:50  Zerg Ground Armor Level 2  
  133  7:53  Zergling x14  
  133  7:54  Overseer  
  138  8:01  Zergling x2  
  138  8:02  Zergling x12  
  143  8:07  Drone  
  143  8:08  Drone x2  
  143  8:10  Hive  
  143  8:12  Spore Crawler  
  140  8:13  Zergling x6  
  140  8:15  Spore Crawler  
  136  8:26  Zergling x28  
  140  8:31  Drone x3  
  140  8:34  Drone x6  
  136  8:39  Zergling x2  
  136  8:40  Zergling x10  
  146  8:41  Zergling x8  
  146  8:42  Zergling x4  
  146  8:45  Baneling x8  
  146  8:48  Zergling x4, Baneling x3  
  150  8:54  Baneling x14  
  149  8:55  Zergling x2  
  149  8:56  Zergling x4  
  149  9:01  Baneling x6  
  151  9:05  Zergling x22  
  154  9:12  Zergling x18  
  154  9:15  Overseer  
  158  9:19  Zergling x6  
  153  9:24  Drone x6  
  153  9:26  Zergling x4  
  153  9:28  Zergling x2  
  153  9:29  Baneling x6  
  153  9:30  Baneling x2  
  156  9:32  Zergling x10  
  160  9:42  Zergling x4, Ultralisk Cavern  
  161  9:45  Zergling x2  
  161  9:46  Zergling x2  
  161  9:48  Drone x2  
  161  9:51  Zergling x14  
  168  10:01  Zergling x4  
  140  10:15  Zergling x20  
  140  10:18  Zergling x2  
  141  10:22  Drone x3  
  141  10:25  Zergling x4  
  146  10:31  Baneling x5  
  146  10:32  Zergling x6, Baneling  
  146  10:33  Zergling x6  
  152  10:38  Zergling x2  
  152  10:39  Zergling x4  
  152  10:40  Baneling x7  
  153  10:47  Zergling x6  
  137  10:52  Zergling x6  
  137  10:54  Overseer, Overlord  
  128  10:57  Baneling x10  
  128  11:00  Zergling x2  
  128  11:01  Zergling x16  
  128  11:03  Zergling x6  
Show
View Real Time Build Order
Export as new Build Order

LiquidClem Terran - Winner!

Build Orders: Reaper Expand 

Get SALT Encoding   

  12  0:00  SCV  
  13  0:12  SCV  
  14  0:17  Supply Depot  
  14  0:24  SCV  
  15  0:38  SCV  
  15  0:39  Barracks  
  16  0:43  Refinery  
  16  0:50  SCV  
  17  1:02  SCV  
  18  1:15  SCV  
  19  1:27  Orbital Command, Reaper  
  20  1:38  Command Center  
  20  1:46  Supply Depot  
  20  1:53  SCV  
  21  1:59  Marine  
  22  2:05  SCV  
  23  2:11  Factory  
  23  2:17  SCV  
  23  2:20  Barracks Reactor  
  24  2:29  SCV  
  25  2:38  Command Center  
  25  2:41  SCV  
  26  2:50  Orbital Command  
  26  2:53  SCV  
  27  3:00  Starport  
  27  3:03  Hellion  
  29  3:07  Hellion  
  29  3:10  SCV  
  32  3:14  Refinery  
  32  3:17  Marine  
  32  3:19  SCV  
  33  3:22  SCV  
  33  3:31  SCV  
  33  3:32  Hellion  
  35  3:34  SCV  
  35  3:39  Starport Tech Lab  
  36  3:43  SCV  
  36  3:46  Hellion, SCV  
  40  3:53  Orbital Command  
  40  3:55  SCV  
  41  3:56  Hellion  
  41  3:58  SCV  
  41  4:01  Banshee  
  47  4:04  Cloaking Field  
  47  4:08  SCV  
  48  4:11  SCV  
  48  4:13  Barracks Tech Lab  
  49  4:19  Supply Depot  
  49  4:20  SCV  
  49  4:21  SCV  
  49  4:23  SCV  
  52  4:30  Barracks x2  
  52  4:32  Factory Reactor, SCV  
  52  4:33  SCV  
  52  4:35  SCV  
  55  4:39  Stimpack, Marine  
  55  4:44  Supply Depot, SCV  
  58  4:45  SCV  
  58  4:49  SCV  
  58  4:50  Banshee  
  62  4:53  Supply Depot  
  62  4:57  Marine  
  62  4:58  Refinery  
  62  4:59  SCV x2  
  65  5:06  SCV  
  66  5:07  Engineering Bay  
  66  5:08  Engineering Bay  
  66  5:11  SCV  
  66  5:14  Supply Depot  
  67  5:15  SCV  
  67  5:18  Refinery  
  67  5:19  Marine x2  
  67  5:21  Factory Reactor  
  70  5:22  SCV  
  70  5:23  SCV  
  70  5:27  Marine x3, Supply Depot  
  70  5:28  Orbital Command  
  75  5:34  SCV  
  75  5:35  SCV  
  77  5:36  Supply Depot  
  77  5:39  Marine  
  77  5:40  Marine  
  77  5:42  Starport Reactor  
  79  5:45  Supply Depot  
  79  5:46  SCV  
  79  5:47  SCV, Marine  
  79  5:48  Marine  
  83  5:52  Marine  
  83  5:54  Terran Infantry Weapons Level 1  
  83  5:55  SCV  
  83  5:57  Terran Infantry Armor Level 1  
  85  5:58  SCV  
  85  5:59  SCV  
  85  6:00  Marine x2  
  89  6:07  Hellion x2, Marine  
  89  6:08  SCV  
  89  6:11  SCV  
  95  6:12  Marine  
  95  6:15  SCV  
  95  6:17  Marine  
  96  6:18  Combat Shield  
  96  6:20  SCV  
  96  6:22  Supply Depot  
  96  6:23  SCV  
  96  6:24  Medivac x2  
  102  6:32  Barracks, SCV x2  
  104  6:34  Barracks  
  104  6:38  Marine, Supply Depot  
  104  6:39  Marine  
  106  6:43  Widow Mine  
  106  6:44  SCV  
  106  6:46  Marine, SCV x2  
  112  6:47  Armory  
  112  6:48  Factory  
  112  6:49  Supply Depot  
  112  6:50  Refinery  
  112  6:53  Marine x2  
  114  6:55  Supply Depot  
  114  6:56  Marine, Medivac  
  114  6:57  Medivac  
  114  7:00  Widow Mine  
  121  7:03  SCV x2  
  121  7:04  SCV  
  121  7:08  Supply Depot  
  124  7:14  Widow Mine, Marine  
  124  7:15  Marine, SCV  
  128  7:19  Command Center  
  129  7:23  Supply Depot  
  129  7:25  Supply Depot  
  129  7:26  Medivac  
  129  7:27  Barracks Reactor x2, Medivac  
  129  7:29  Supply Depot  
  133  7:32  Widow Mine, Marine  
  133  7:37  Widow Mine  
  138  7:39  Drilling Claws  
  138  7:41  Marine, Widow Mine  
  140  7:44  Marine x2  
  140  7:46  Marine  
  140  7:50  Marine  
  144  7:54  Widow Mine  
  144  7:55  Barracks x2  
  144  7:56  Barracks, Medivac  
  148  7:59  Terran Infantry Weapons Level 2, Marine  
  148  8:02  Marine  
  148  8:03  Marine, Widow Mine  
  148  8:04  Marine x2  
  155  8:10  Widow Mine  
  157  8:13  Marine  
  157  8:16  Marine, Widow Mine  
  157  8:17  Marine  
  157  8:18  Marine x2  
  157  8:19  Terran Infantry Armor Level 2  
  164  8:23  Marine  
  164  8:24  Widow Mine  
  156  8:27  SCV  
  154  8:41  Widow Mine, Marine  
  151  8:42  Marine  
  151  8:43  Marine x2  
  151  8:44  Marine x2  
  151  8:45  Marine  
  151  8:46  Terran Vehicle And Ship Armor Level 1, Marine x2  
  151  8:47  Barracks Tech Lab x3  
  151  8:48  Liberator, Widow Mine  
  165  8:49  SCV  
  165  8:51  SCV x2  
  165  8:55  Sensor Tower  
  168  8:58  Widow Mine  
  168  8:59  Marine  
  168  9:00  Command Center, Marine x2  
  168  9:01  SCV, Marine x2  
  176  9:03  SCV  
  176  9:05  Medivac  
  176  9:07  Marine, Widow Mine  
  176  9:11  Marine x2  
  176  9:13  Concussive Shells, Marauder x4  
  177  9:19  SCV  
  177  9:20  SCV  
  177  9:21  Widow Mine  
  179  9:29  Widow Mine  
  172  9:32  SCV x3  
  172  9:34  Marauder  
  177  9:44  SCV x3  
  176  9:49  Marauder  
  176  9:51  Marine x2, Widow Mine  
  176  9:52  Liberator  
  184  10:00  Widow Mine  
  184  10:04  Medivac  
  175  10:08  Widow Mine  
  175  10:12  Widow Mine  
  175  10:15  SCV  
  175  10:16  SCV  
  175  10:17  Sensor Tower, Marauder, Marine x4  
  175  10:18  SCV  
  175  10:20  Planetary Fortress  
  178  10:22  Command Center, SCV  
  178  10:24  Supply Depot  
  179  10:32  Widow Mine, Marine x2  
  179  10:34  Medivac  
  182  10:36  SCV x2  
  182  10:37  Supply Depot  
  182  10:39  Marauder  
  186  10:43  Refinery  
  186  10:47  Marauder  
  186  10:49  Widow Mine  
  182  10:50  Marauder  
  182  10:53  Marauder, SCV  
  182  10:56  SCV  
  176  10:57  Widow Mine  
  176  11:00  Marauder  
  176  11:01  SCV  
Tags
 
Add a new tag
Caveats
  • Supply blocks, unpowered buildings, or Contaminate may cause inaccurate times.
  • Supply counts are checked every 10 seconds.